[Event "ETCC Women 2013"]
[Site "Warsaw"]
[Date "2013.11.10"]
[Round "3"]
[White "Voicu-Jagodzinsky, Carmen"]
[Black "Szczepkowska-Horowska, Karina"]
[Result "1/2-1/2"]
[ECO "C55"]
[WhiteElo "2275"]
[BlackElo "2382"]
[PlyCount "137"]
[EventDate "2013.??.??"]
[EventCountry "POL"]
[WhiteTeam "Romania"]
[BlackTeam "Poland"]
[WhiteTeamCountry "ROU"]
[BlackTeamCountry "POL"]
[TimeControl "40/5400+30:1800+30"]

1. e4 e5 2. Nf3 Nc6 3. Bc4 Nf6 4. d3 Be7 5. O-O O-O 6. Re1 d6 7. c3 Na5 8. Bb5 a6 9. Ba4 c5 10. Nbd2 Qc7 11. h3 Be6 12. Bc2 Rad8 13. Nf1 h6 14. Ne3 Nc6 15. Nh2 d5 16. Qf3 d4 17. Nf5 Bxf5 18. Qxf5 c4 19. Rd1 b5 20.
dxc4 bxc4 21. Bd2 Rd6 22. Nf1 Rfd8 23. Qf3 h5 24. Ba4 g6 25.
Rac1 Nh7 26. Qe2 d3 27. Qe1 Bg5 28. b3 Na5 29. Be3 Be7 30. Nd2 Ng5 31. Kh1 Ne6 32. f3 Nf4 33. Bxf4 exf4 34. Qf2 Re6 35. b4 Nb7 36. Qa7 Qc8 37. Nxc4 Qxc4 38. Qxb7 d2 39. Rb1 Qxc3 40. Bb3 Re5 41. Qxa6 Kg7 42. a3 f5 43. exf5 Re1+ 44. Kh2 Rd6 45. Qa7 Kh6 46. Qf2 Qxb3 47. Rxe1 dxe1=Q 48. Rxe1 Bf6 49. fxg6 Kxg6 50. Re4 Rd1 51. Re1 Rd6 52. Qe2 Qd3 53. Qe8+ Kg5 54. Re4 Rd8 55. Qe6 Qd6 56. Qf7 Rf8 57. Qh7 h4 58. Rc4 Bd4 59. b5 Rh8 60. Qe4 Bf2 61. Qb1 Re8 62.
Rc6 Bg3+ 63. Kh1 Qd3 64. Rc5+ Kh6 65. Rc6+ Kg5 66. Rc5+ Kh6 67.
Rc6+ Kg5 68. Rc5+ Kh6 69. Rc6+ 1/2-1/2

[Event "ETCC Women 2013"]
[Site "Warsaw"]
[Date "2013.11.10"]
[Round "3"]
[White "Vojinovic, Jovana"]
[Black "Gara, Anita"]
[Result "1-0"]
[ECO "A01"]
[WhiteElo "2352"]
[BlackElo "2311"]
[PlyCount "139"]
[EventDate "2013.??.??"]
[EventCountry "POL"]
[WhiteTeam "Serbia"]
[BlackTeam "Hungary"]
[WhiteTeamCountry "SRB"]
[BlackTeamCountry "HUN"]
[TimeControl "40/5400+30:1800+30"]

1. b3 d5 2. Bb2 c5 3. e3 Nf6 4. Nf3 e6 5. c4 Be7 6. cxd5 exd5 7. Bb5+ Bd7 8.
Bxd7+ Nbxd7 9. O-O O-O 10. Nc3 Rc8 11. d3 Re8 12. Ne2 Bd6 13.
Ng3 Bxg3 14. hxg3 Ng4 15. Rc1 Qb6 16. Nh4 Qe6 17. d4 b6 18.
Qd3 Ndf6 19. dxc5 bxc5 20. Rcd1 c4 21. Qd4 Qe5 22. Rc1 Ne4 23.
bxc4 dxc4 24. Nf3 Qxd4 25. Bxd4 Re6 26. Rc2 Ra6 27. Nh4 Nh6 28. Rb1 Nd6 29. Nf3 Nhf5 30. Ba1 h5 31. Nd2 Ra4 32. Rbc1 Rb8 33.
e4 c3 34. Rxc3 Nxe4 35. Nxe4 Rxe4 36. Rc5 Nd4 37. Bxd4 Rxd4 38.
Rxh5 Rd2 39. a4 Ra2 40. Ra5 Rbb2 41. Rf5 Rc2 42. Re1 Re2 43.
Rxe2 Rxe2 44. Kf1 Re6 45. Ra5 a6 46. f3 Kf8 47. Rc5 g6 48.
g4 Ke7 49. Rc7+ Kf6 50. Rb7 Rd6 51. Kf2 g5 52. Ke3 Ke6 53. Ke4 f6 54. a5 Rc6 55. Kd4 Rd6+ 56. Kc5 Rd2 57. Kb6 Rxg2 58. Kxa6 Rg3 59. Rb3 f5 60.
gxf5+ Kf6 61. Kb7 g4 62. Rb6+ Kxf5 63. fxg4+ Rxg4 64. Rb5+ Ke6 65. a6 Rg7+ 66. Kb6 Kd6 67. a7 Rg8 68. Rb1 Rh8 69. Rd1+ Ke6 70.
Ra1 1-0

[Event "ETCC Women 2013"]
[Site "Warsaw"]
[Date "2013.11.10"]
[Round "3"]
[White "Zaksaite, Salomeja"]
[Black "Degrande, Marigje"]
[Result "1-0"]
[ECO "B00"]
[WhiteElo "2200"]
[BlackElo "1867"]
[PlyCount "51"]
[EventDate "2013.??.??"]
[EventCountry "POL"]
[WhiteTeam "Lithuania"]
[BlackTeam "Belgium"]
[WhiteTeamCountry "LTU"]
[BlackTeamCountry "BEL"]
[TimeControl "40/5400+30:1800+30"]

1. e4 d6 2. d4 g6 3. Bc4 c6 4. Nf3 Bg7 5. Qe2 Nf6 6. Bb3 O-O 7. O-O Na6 8. h3 Nc7 9. e5 Nfe8 10. c4 d5 11. Nc3 dxc4 12. Bxc4 Nd5 13. Bd2 Nec7 14. Rad1 a5 15. Bc1 b5 16. Bd3 a4 17. a3 Be6 18. Ne4 Qc8 19. Qc2 Na6 20.
Nfg5 Bf5 21. f4 h6 22. Nf3 Be6 23. Qf2 Nb6 24. Nfd2 Rd8 25. g4 Bd5 26. f5 1-0

[Event "ETCC Women 2013"]
[Site "Warsaw"]
[Date "2013.11.10"]
[Round "3"]
[White "Ziaziulkina, Nastassia"]
[Black "Srebrnic, Ana"]
[Result "1/2-1/2"]
[ECO "C41"]
[WhiteElo "2350"]
[BlackElo "2198"]
[PlyCount "105"]
[EventDate "2013.??.??"]
[EventCountry "POL"]
[WhiteTeam "Belarus"]
[BlackTeam "Slovenia"]
[WhiteTeamCountry "BLR"]
[BlackTeamCountry "SLO"]
[TimeControl "40/5400+30:1800+30"]

1. e4 d6 2. d4 Nf6 3. Nc3 e5 4. Nf3 Nbd7 5. Bc4 Be7 6. O-O O-O 7. a4 a6 8. Re1 b6 9. h3 Bb7 10. d5 Kh8 11. Be3 Ng8 12. Qd2 g6 13. g3 Bc8 14. Kg2 Ndf6 15. Ng1 Nh5 16. Be2 Ng7 17. f4 f5 18. Nf3 exf4 19. Bxf4 Nf6 20. exf5 Nxf5 21. g4 Ng7 22. Nd4 Bb7 23. Bf3 Ng8 24. Re2 Bf6 25.
g5 Bxd4 26. Qxd4 Ne7 27. Qd2 Nef5 28. Kh2 Qd7 29. Ne4 Rae8 30.
Nf6 Rxe2+ 31. Bxe2 Qf7 32. c4 Ne8 33. Ng4 Bc8 34. Rf1 Qg7 35.
Nh6 Nxh6 36. gxh6 Qe7 37. Bd3 Kg8 38. Qg2 Bf5 39. Bxf5 Rxf5 40. Qd2 Qf7 41. Qd4 Nf6 42. Rf2 Nh5 43. Be3 Rxf2+ 44. Bxf2 Qf4+ 45. Qxf4 Nxf4 46. Kg3 Nh5+ 47. Kf3 Kf7 48. Bh4 Ke8 49. b4 Kd7 50.
Ke4 Ke8 51. Kf3 Kd7 52. Kg4 Ke8 53. Kf3 1/2-1/2

[Event "ETCC Women 2013"]
[Site "Warsaw"]
[Date "2013.11.10"]
[Round "3"]
[White "Zimina, Olga"]
[Black "Sahl, Sheila Barth"]
[Result "1-0"]
[ECO "A06"]
[WhiteElo "2338"]
[BlackElo "2233"]
[PlyCount "35"]
[EventDate "2013.??.??"]
[EventCountry "POL"]
[WhiteTeam "Italy"]
[BlackTeam "Norway"]
[WhiteTeamCountry "ITA"]
[BlackTeamCountry "NOR"]
[TimeControl "40/5400+30:1800+30"]

1. Nf3 d5 2. c4 c6 3. g3 Nf6 4. Bg2 dxc4 5. O-O Nbd7 6. Qc2 Nb6 7. Na3 Be6 8. Ng5 Bg4 9. Nxc4 Bxe2 10. Ne5 Bh5 11. Re1 e6 12. g4 Nxg4 13.
Bxc6+ bxc6 14. Qxc6+ Ke7 15. Ng6+ Kf6 16. Rxe6+ Kxg5 17. d4+ Kf5 18. Qe4# 1-0